 Dungeon Crawl Stone Soup version 0.24.0-123-gd5b16e6ec5 (webtiles) character file.

Game seed: 7761493062520338686, levelgen mode: deterministic

91 Lemonice the Covered (level 4, -2/41 HPs)
             Began as a Gnoll Wanderer on Feb 9, 2020.
             Slain by a white imp (4 damage)
             ... summoned by Natasha
             ... on level 2 of the Dungeon.
             The game lasted 00:02:36 (732 turns).

Lemonice the Covered (Gnoll Wanderer)                Turns: 732, Time: 00:02:36

Health: -2/41      AC:  6    Str: 15    XL:     4   Next: 57%
Magic:  5/5        EV: 10    Int: 14    God:
Gold:   70         SH:  0    Dex: 15    Spells: 5/5 levels left

rFire    . . .     SeeInvis .   p - +1 mace (drain)
rCold    . . .     Gourm    .   (no shield)
rNeg     . . .     Faith    .   b - +0 ring mail
rPois    .         Spirit   .   (no helmet)
rElec    .         Reflect  .   (no cloak)
rCorr    .         Harm     .   (no gloves)
MR       .....                  (no boots)
Stlth    +.........             (no amulet)
HPRegen  0.13/turn              (no ring)
MPRegen  0.09/turn              (no ring)

@: drained
A: distributed training, fangs 1, strong nose
a: no special abilities


You were on level 2 of the Dungeon.
You were not hungry.

You visited 1 branch of the dungeon, and saw 2 of its levels.

You collected 70 gold pieces.

Inventory:

Hand Weapons
 a - a +2 mace
 g - a cursed +0 hunting sling
 h - a cursed -2 spear
 p - a +1 mace of draining (weapon)
Missiles
 f - 3 silver javelins (quivered)
Armour
 b - a +0 ring mail (worn)
Scrolls
 j - a scroll of remove curse {unknown}
 l - 2 scrolls of identify {unknown}
 m - 2 scrolls of amnesia {unknown}
 n - a scroll of teleportation {unknown}
Potions
 c - a potion of curing
 e - a potion of invisibility {unknown}
 i - a potion of flight {unknown}
 o - a potion of might {unknown}
Comestibles
 d - 2 rations
 k - 10 chunks of flesh


   Skills:
 + Level 6.6(5.5) Fighting
 + Level 1.1(0.2) Short Blades
 + Level 1.1(0.2) Long Blades
 + Level 1.1(0.2) Axes
 + Level 4.6(3.6) Maces & Flails
 + Level 1.1(0.2) Polearms
 + Level 1.1(0.2) Staves
 + Level 1.1(0.2) Slings
 + Level 1.1(0.2) Bows
 + Level 1.1(0.2) Crossbows
 + Level 1.1(0.2) Throwing
 + Level 6.6(5.5) Armour
 + Level 1.1(0.2) Dodging
 + Level 1.1(0.2) Stealth
 + Level 4.6(3.6) Shields
 + Level 1.1(0.2) Unarmed Combat
 + Level 1.1(0.2) Spellcasting
 + Level 0.9(0.0) Conjurations
 + Level 0.9(0.0) Hexes
 + Level 0.9(0.0) Charms
 + Level 0.9(0.0) Summonings
 + Level 0.9(0.0) Necromancy
 + Level 0.9(0.0) Translocations
 + Level 0.9(0.0) Transmutations
 + Level 0.9(0.0) Fire Magic
 + Level 0.9(0.0) Ice Magic
 + Level 0.9(0.0) Air Magic
 + Level 0.9(0.0) Earth Magic
 + Level 0.9(0.0) Poison Magic
 + Level 1.2(0.3) Invocations
 + Level 1.1(0.2) Evocations


You had 5 spell levels left.
You didn't know any spells.
Your spell library was empty.

Dungeon Overview and Level Annotations

Branches:
Dungeon (1/15)

Altars:

Annotations:
D:2 Natasha


Innate Abilities, Weirdness & Mutations

Your experience applies equally to all skills.
You have very sharp teeth.
Your uncanny sense of smell can sniff out nearby items.


Message History

The white imp disappears for a moment.
The white imp hits you. The white imp freezes you. Natasha claws you.
* * * LOW HITPOINT WARNING * * *
You barely miss Natasha.
Natasha is almost dead.
The white imp barely misses you. Natasha barely misses you.
The white imp barely misses you.
Natasha stares at you and mumbles some strange words.
You resist with some effort.
You closely miss Natasha. You bite Natasha, but do no damage.
Natasha is almost dead.
Natasha mumbles some strange words.
The white imp gestures at you. The puff of frost hits you!
* * * LOW HITPOINT WARNING * * *
You barely miss Natasha.
Natasha is almost dead.
The white imp hits you.
* * * LOW HITPOINT WARNING * * *
The white imp freezes you.
You die...

.......)[......(.............
.#.#####......)..##.......#..
#<..)..###)##########.##..
#.....#..# #(# #.##..
#.....#..# #.# #. .......+..#
#)# .##....##.###.#######
#.... #.##......... .....
..##@5.......
...........h5.......
##..............
................
##..............
#.####$........ #. #.........
# #######..


You could see an iron imp, Natasha and a white imp.

Vanquished Creatures
  Natasha (D:2)
  Robin (D:2)
  2 adders (D:2)
  A dart slug (D:1)
  2 leopard geckos
  6 goblins (D:2)
  7 hobgoblins
  3 jackals (D:1)
  3 kobolds
  2 bats (D:1)
  3 frilled lizards
  A rat (D:1)
32 creatures vanquished.

Notes
Turn   | Place    | Note
-------+----------+-------------------------------------------
     0 | D:1      | Lemonice the Gnoll Wanderer began the quest for the Orb.
     0 | D:1      | Lemonice set off with the following items: a +2 mace, a +0
                  | ring mail, a potion of curing, a ration
     0 | D:1      | Reached XP level 1. HP: 23/23 MP: 1/1
   130 | D:1      | Reached XP level 2. HP: 24/29 MP: 2/2
   566 | D:1      | You fall into a shaft and drop 1 floor!
   576 | D:2      | Noticed Natasha
   579 | D:2      | Killed Natasha
   579 | D:2      | Reached skill level 1 in Invocations
   579 | D:2      | Reached XP level 3. HP: 35/35 MP: 2/4
   624 | D:2      | Noticed Robin
   637 | D:2      | Killed Robin
   637 | D:2      | Reached skill level 1 in Short Blades
   637 | D:2      | Reached skill level 1 in Long Blades
   637 | D:2      | Reached skill level 1 in Axes
   637 | D:2      | Reached skill level 1 in Polearms
   637 | D:2      | Reached skill level 1 in Staves
   637 | D:2      | Reached skill level 1 in Slings
   637 | D:2      | Reached skill level 1 in Bows
   637 | D:2      | Reached skill level 1 in Crossbows
   637 | D:2      | Reached skill level 1 in Throwing
   637 | D:2      | Reached skill level 1 in Dodging
   637 | D:2      | Reached skill level 1 in Stealth
   637 | D:2      | Reached skill level 1 in Unarmed Combat
   637 | D:2      | Reached skill level 1 in Spellcasting
   637 | D:2      | Reached skill level 1 in Evocations
   637 | D:2      | Reached XP level 4. HP: 33/41 MP: 5/5
   722 | D:2      | Noticed Natasha
   732 | D:2      | HP: 2/41 [white imp[Natasha] (3)]
   732 | D:2      | Slain by a white imp

Levels and vault maps discovered:
D:1:      minmay_arrival_arboretum_small, layout_loops_ring,
          serial_co_window_serial, co_window_of_opportunity_a,
          co_window_corner_a, co_window_of_opportunity_a, co_window_corner_a,
          co_window_corner_a, co_window_of_opportunity_a, co_window_paths_a,
          co_window_paths_a, co_window_of_opportunity_a, co_window_broadway_a,
          co_window_2corner, co_window_corner_b
D:2:      layout_basic, lemuel_crystal_altar, uniq_robin, uniq_terence,
          uniq_natasha

Skill      XL: |  1  2  3 |
---------------+----------+-----
Invocations    | 1 |  1.2
Short Blades   | 1 |  1.1
Long Blades    | 1 |  1.1
Axes           | 1 |  1.1
Polearms       | 1 |  1.1
Staves         | 1 |  1.1
Slings         | 1 |  1.1
Bows           | 1 |  1.1
Crossbows      | 1 |  1.1
Throwing       | 1 |  1.1
Dodging        | 1 |  1.1
Stealth        | 1 |  1.1
Unarmed Combat | 1 |  1.1
Spellcasting   | 1 |  1.1
Evocations     | 1 |  1.1
Fighting       | |  6.6
Maces & Flails | |  4.6
Armour         | |  6.6
Shields        | |  4.6
Conjurations   | |  0.9
Hexes          | |  0.9
Charms         | |  0.9
Summonings     | |  0.9
Necromancy     | |  0.9
Translocations | |  0.9
Transmutations | |  0.9
Fire Magic     | |  0.9
Ice Magic      | |  0.9
Air Magic      | |  0.9
Earth Magic    | |  0.9
Poison Magic   | |  0.9

Action                   |  1- 3 |  4- 6 || total
-------------------------+-------+-------++-------
Melee: Mace              |    68 |    34 ||   102
       Bite              |     9 |     4 ||    13
Armor: Ring mail         |    32 |    12 ||    44
Dodge: Dodged            |    39 |    17 ||    56
